 Dungeon Crawl Stone Soup version 0.30-a0-170-g85af917532 (webtiles) character file.

Game seed: 4633057246471474830

6092 qw the Cleaver (level 10, -21/51 HPs)
             Began as a Gargoyle Fighter on Sept 30, 2022.
             Was a Priest of Okawaru.
             Demolished by a titan zombie (25 damage)
             ... on level 2 of the Abyss.
             The game lasted 00:03:19 (10168 turns).

qw the Cleaver (Gargoyle Fighter)                  Turns: 10168, Time: 00:03:19

Health: -21/51     AC:  4    Str: 23    XL:     10   Next: 88%
Magic:  13/13      EV:  7    Int: 10    God:    Okawaru [***...]
Gold:   141        SH: 11    Dex:  7    Spells: 9/9 levels left

rFire   . . .      SeeInvis +    Y - +1 war axe (elec)
rCold   . . .      Faith    .    i - +0 kite shield
rNeg    + . .      Spirit   .    g - +4 plate armour
rPois   inf        Reflect  .    (no helmet)
rElec   +          Harm     .    (no cloak)
rCorr   .          Rampage  .    b - +1 pair of gloves
Will    .....      Rage     9%   (no boots)
Stlth   ..........               (no amulet)
HPRegen 0.17/turn                k - ring of see invisible
MPRegen 0.13/turn                (no ring)

@: heroic, corroded, flying, unable to read, unable to drink
A: sickness immunity, AC +7, negative energy resistance 1, electricity
resistance, torment resistance 1, petrification resistance, big wings, clumsy 1,
[berserk 2], [deformed body], [frail 2], ([teleportitis 2]), [subdued magic 3],
[inability to drink after injury 2], [inability to read after injury 2]
a: Renounce Religion, Heroism


You were on level 2 of the Abyss.
You worshipped Okawaru.
Okawaru was most pleased with you.
You visited 2 branches of the dungeon, and saw 11 of its levels.
You visited the Abyss 1 time.

You collected 463 gold pieces.
You spent 322 gold pieces at shops.


Innate Abilities, Weirdness & Mutations

You are immune to sickness and miasma.
Your stone body is resilient. (AC +7)
You are immune to poison.
You resist negative energy. (rN+)
You are resistant to electric shocks. (rElec)
You are resistant to unholy torment.
You are immune to petrification.
Your large and strong wings let you fly.
You are clumsy. (Dex -2)
[You have an uncontrollable temper.]
[Armour fits poorly on your strangely shaped body.]
[You are very frail. (-20% HP)]
[((You are often teleported next to monsters.))]
[Your spells are much easier to cast, but much less powerful.]
[You sometimes lose the ability to drink potions when taking damage.]
[You sometimes lose the ability to read scrolls when taking damage.]


   Skills:
 - Level 8.0(13.0) Fighting
 + Level 9.4(14.4) Axes
 - Level 1.4(6.4) Throwing
 - Level 6.6(11.6) Armour
 - Level 1.4(6.4) Dodging
 - Level 9.2(14.2) Shields
 - Level 4.2 Invocations


You had 9 spell levels left.
You didn't know any spells.
Your spell library was empty.

Inventory:

Hand Weapons
 l - a +1 morningstar
 Y - a +1 war axe of electrocution (weapon)
Missiles
 o - 5 boomerangs (quivered)
Armour
 b - a +1 pair of gloves (worn)
 c - a +2 chain mail of fire resistance
 g - a +4 plate armour (worn)
 i - a +0 kite shield (worn)
Jewellery
 e - a ring of fire
 k - a ring of see invisible (left hand)
Scrolls
 q - 2 scrolls of identify
Potions
 d - 2 potions of might
 f - 4 potions of curing
 h - 3 potions of haste
 j - a potion of mutation
 m - a potion of attraction
 n - a potion of magic
 p - 2 potions of heal wounds
 r - a potion of resistance

Dungeon Overview and Level Annotations

Branches:
Dungeon (10/15)            Temple (1/1) D:6
   Lair: D:8-11         Orc: D:9-12

Altars:
Ashenzari
Cheibriados
Dithmenos
Elyvilon
Fedhas
Gozag
Hepliaklqana
Kikubaaqudgha
Makhleb
Nemelex Xobeh
Okawaru
Qazlal
Ru
Sif Muna
Trog
Uskayaw
Vehumet
Wu Jian
Xom
Yredelemnul
Zin
The Shining One

Shops:
D:4 *[   D:8 (

Annotations:
D:10 Erolcha


Message History

You occasionally lose the ability to read scrolls when taking damage.
You lose the ability to read scrolls when taking damage more often.
The rust devil closely misses you.
You barely miss the rust devil.
The rust devil is almost dead.
You closely miss the wretched star.
The wretched star glows turbulently.
You block the lance of force. The rust devil hits you.
The rust devil corrodes you!
You hit the rust devil but do no damage.
The rust devil is almost dead.
You hit the wretched star but do no damage.
The rust devil hits you. The rust devil corrodes you!
You hit the rust devil but do no damage.
The rust devil is almost dead.
You hit the wretched star. The rust devil hits you.
You feel threatened and lose the ability to read scrolls!
The rust devil corrodes you!
You hit the rust devil but do no damage.
The rust devil is almost dead.
You hit the wretched star but do no damage.
You barely miss the rust devil.
The rust devil is almost dead.
You hit the wretched star.
You hit the titan zombie but do no damage.
The wretched star pulses with an eldritch light!
Your connection to magic feels subdued.
Your connection to magic feels more subdued.
The rust devil hits you. The rust devil corrodes you!
You hit the rust devil but do no damage.
The rust devil is almost dead.
You hit the titan zombie but do no damage.
Lightning courses through the titan zombie!
You completely miss the wretched star.
The wretched star pulses with an eldritch light!
Your body twists and deforms.
Your connection to magic feels nearly dormant.
The titan zombie hits you!!
You die...

# .# #.##
.#..
#.....#.##
.......#. ##
.#..#... ..#
....#..##..#
#...#..#
#*Z.# #.#@.#
#4#....#
.#..#.#.. #.
.#. .. ..
#... . ###
.## .. ..


You could see a wretched star, a rust devil and a titan zombie.

Vanquished Creatures
  A two-headed ogre (D:10)
  A thrashing horror (Abyss:2)
  An orc sorcerer (Abyss:2)
  A large abomination (Abyss:2)
  An ancient zyme (Abyss:2)
  A troll (D:9)
  A hornet (D:9)
  A wraith (Abyss:2)
  A basilisk (D:9)
  5 steam dragons
  2 water moccasins
  An orc warrior (D:7)
  3 sky beasts
  A black bear (D:4)
  3 ogres
  A centaur (D:8)
  4 scorpions
  A small abomination (Abyss:2)
  5 wights (D:8)
  4 howler monkeys (D:9)
  3 hounds
  3 jellies
  6 orc priests
  A gnoll bouda (D:9)
  8 orc wizards
  4 iguanas
  3 gnolls (D:9)
  8 adders
  A shadow imp (D:6)
  2 white imps
  3 dart slugs
  22 orcs
  4 ball pythons
  6 endoplasms
  15 goblins
  6 hobgoblins
  6 jackals
  8 kobolds
  4 quokkas
  5 bats
  7 frilled lizards
  22 rats
186 creatures vanquished.

Vanquished Creatures (others)
  2 plants
2 creatures vanquished.

Grand Total: 188 creatures vanquished

Notes
Turn   | Place    | Note
-------+----------+-------------------------------------------
     0 | D:1      | qw the Gargoyle Fighter began the quest for the Orb.
     0 | D:1      | Reached XP level 1. HP: 14/14 MP: 1/1
     0 | D:1      | 0 ||| qw: Version: 0.2-a-12-gaebbb33
     0 | D:1      | 0 ||| qw: Game counter: 1533
     0 | D:1      | 0 ||| qw: Always use a shield: true
     0 | D:1      | 0 ||| qw: God list: Okawaru
     0 | D:1      | 0 ||| qw: Allow faded altars: false
     0 | D:1      | 0 ||| qw: Do Orc after D:15 true
     0 | D:1      | 0 ||| qw: Do second Lair branch before Depths: true
     0 | D:1      | 0 ||| qw: Lair rune preference: random
     0 | D:1      | 0 ||| qw: Plans: Normal, Zot:1-4, God:TSO, Crypt, Tomb,
                  | Pan, Slime:5, Hells, Abyss, Orb
     0 | D:1      | 0 ||| PLANNING D:1-11
    86 | D:1      | Found a faded altar of an unknown god.
   169 | D:1      | 169 ||| Stepping ~*~*~tactically~*~*~ (stealth).
   204 | D:1      | Reached XP level 2. HP: 19/19 MP: 2/2
   247 | D:1      | 247 ||| Stepping ~*~*~tactically~*~*~ (stealth).
   250 | D:1      | 250 ||| Stepping ~*~*~tactically~*~*~ (stealth).
   251 | D:1      | 251 ||| Stepping ~*~*~tactically~*~*~ (stealth).
   258 | D:1      | 258 ||| Stepping ~*~*~tactically~*~*~ (stealth).
   259 | D:1      | 259 ||| Stepping ~*~*~tactically~*~*~ (stealth).
   264 | D:1      | 264 ||| Stepping ~*~*~tactically~*~*~ (stealth).
   265 | D:1      | 265 ||| Stepping ~*~*~tactically~*~*~ (stealth).
   266 | D:1      | 266 ||| Stepping ~*~*~tactically~*~*~ (stealth).
   293 | D:1      | 293 ||| DROPPING +0 club.
   369 | D:1      | Reached skill level 3 in Axes
   387 | D:1      | Reached XP level 3. HP: 23/23 MP: 3/3
   490 | D:1      | 490 ||| Stepping ~*~*~tactically~*~*~ (stealth).
  1069 | D:1      | 1069 ||| READING scroll labelled RAT EREFONWA.
  1070 | D:1      | 1070 ||| READING scroll labelled JURUAQ LOHYOJ.
  1071 | D:1      | 1071 ||| READING scroll labelled YCWAPR QIMOM.
  1072 | D:1      | 1072 ||| READING scroll labelled SETOON EFUZAO.
  1073 | D:1      | 1073 ||| READING scroll labelled CEXTARATHY.
  1074 | D:1      | 1074 ||| DRINKING 2 silvery potions.
  1275 | D:2      | 1275 ||| Stepping ~*~*~tactically~*~*~ (stealth).
  1277 | D:2      | 1277 ||| Stepping ~*~*~tactically~*~*~ (hiding).
  1278 | D:2      | 1278 ||| Stepping ~*~*~tactically~*~*~ (hiding).
  1279 | D:2      | 1279 ||| Stepping ~*~*~tactically~*~*~ (hiding).
  1657 | D:2      | 1657 ||| Stepping ~*~*~tactically~*~*~ (stealth).
  1661 | D:2      | Reached XP level 4. HP: 28/28 MP: 4/4
  1701 | D:2      | 1701 ||| Stepping ~*~*~tactically~*~*~ (stealth).
  1702 | D:2      | 1702 ||| Stepping ~*~*~tactically~*~*~ (stealth).
  1703 | D:2      | 1703 ||| Stepping ~*~*~tactically~*~*~ (stealth).
  1957 | D:2      | 1957 ||| DROPPING +3 leather armour.
  1958 | D:2      | 1958 ||| DROPPING +6 ring of intelligence.
  1959 | D:2      | 1959 ||| READING scroll labelled FIADGH DAJILIT.
  1960 | D:2      | 1960 ||| READING scroll labelled LAPRUGH GOHAQ.
  1965 | D:2      | 1965 ||| READING scroll labelled USIBAA XONG.
  1966 | D:2      | 1966 ||| READING scroll labelled PIAGUBL BOATAF.
  1967 | D:2      | 1967 ||| READING 2 scrolls of identify.
  1967 | D:2      | 1967 ||| IDENTIFYING fuming red potion
  1968 | D:2      | 1968 ||| DROPPING potion of flight.
  2096 | D:3      | 2096 ||| Stepping ~*~*~tactically~*~*~ (stealth).
  2484 | D:3      | Reached XP level 5. HP: 32/32 MP: 5/5
  2678 | D:3      | Found a sacrificial altar of Ru.
  2678 | D:3      | Found an ornate altar of the Wu Jian Council.
  2685 | D:3      | Found a broken altar of Ashenzari.
  2687 | D:3      | Found a radiant altar of Vehumet.
  2689 | D:3      | Found a white marble altar of Elyvilon.
  2884 | D:3      | 2884 ||| Stepping ~*~*~tactically~*~*~ (hiding).
  2913 | D:3      | 2913 ||| UPGRADING to +0 chain mail.
  2923 | D:3      | 2923 ||| DROPPING +0 scale mail.
  2924 | D:3      | 2924 ||| DROPPING amulet of faith.
  2925 | D:3      | 2925 ||| READING scroll labelled PYUMON JASM.
  2926 | D:3      | 2926 ||| READING scroll labelled RIUNUIPP MA RAKH.
  2927 | D:3      | 2927 ||| READING 3 scrolls of identify.
  2927 | D:3      | 2927 ||| IDENTIFYING viscous blue potion
  2928 | D:3      | 2928 ||| READING 2 scrolls of identify.
  2928 | D:3      | 2928 ||| IDENTIFYING fizzy silvery potion
  2947 | D:4      | 2947 ||| STAIRDANCE
  3049 | D:4      | Found Huuryh's General Store.
  3050 | D:4      | Found Vengyukk's Antique Armour Boutique.
  3054 | D:4      | 3054 ||| SHOPLISTING ring of fire (325 gold, have 136).
  3058 | D:4      | 3058 ||| BUYING pair of gloves (90 gold).
  3058 | D:4      | Bought a pair of gloves for 90 gold pieces
  3058 | D:4      | 3058 ||| SHOPLISTING runed scale mail (140 gold, have 46).
  3104 | D:4      | Noticed a black bear
  3111 | D:4      | Killed a black bear
  3112 | D:4      | Reached XP level 6. HP: 35/40 MP: 6/6
  3221 | D:4      | 3221 ||| Stepping ~*~*~tactically~*~*~ (stealth).
  3385 | D:4      | Found a glowing silver altar of Zin.
  3833 | D:4      | 3833 ||| DROPPING orb of light.
  3834 | D:4      | 3834 ||| UPGRADING to +0 pair of gloves.
  3839 | D:4      | 3839 ||| DRINKING 2 pink potions.
  3840 | D:4      | 3840 ||| DROPPING potion of brilliance.
  3895 | D:5      | Entered Level 5 of the Dungeon
  4018 | D:5      | 4018 ||| Stepping ~*~*~tactically~*~*~ (stealth).
  4020 | D:5      | 4020 ||| Stepping ~*~*~tactically~*~*~ (stealth).
  4151 | D:5      | Found a sparkling altar of Nemelex Xobeh.
  4160 | D:5      | Reached skill level 6 in Axes
  4160 | D:5      | Reached XP level 7. HP: 26/44 MP: 7/7
  4351 | D:5      | 4351 ||| Stepping ~*~*~tactically~*~*~ (stealth).
  4379 | D:5      | Reached skill level 1 in Dodging
  4923 | D:5      | 4923 ||| READING scroll labelled XINATY RAIKLI.
  4924 | D:5      | 4924 ||| DRINKING 3 glowing grey potions.
  5074 | D:6      | 5074 ||| Stepping ~*~*~tactically~*~*~ (hiding).
  5087 | D:6      | 5087 ||| DROPPING +0 mace.
  5236 | D:6      | 5236 ||| Stepping ~*~*~tactically~*~*~ (stealth).
  5297 | D:6      | 5297 ||| Stepping ~*~*~tactically~*~*~ (stealth).
  5408 | D:6      | Reached XP level 8. HP: 48/48 MP: 8/8
  5533 | D:6      | 5533 ||| Stepping ~*~*~tactically~*~*~ (hiding).
  5534 | D:6      | 5534 ||| Stepping ~*~*~tactically~*~*~ (hiding).
  5548 | D:6      | Reached skill level 1 in Throwing
  5658 | D:6      | Found a staircase to the Ecumenical Temple.
  5659 | D:6      | 5659 ||| PLANNING TEMPLE
  5659 | D:6      | 5659 ||| DROPPING ring of wizardry.
  5660 | D:6      | 5660 ||| DRINKING 2 murky white potions.
  5660 | D:6      | Gained mutation: You are clumsy. (Dex -2) [potion of
                  | mutation]
  5660 | D:6      | Gained mutation: Your large and strong wings let you fly.
                  | [potion of mutation]
  5661 | D:6      | 5661 ||| READING 3 scrolls of identify.
  5661 | D:6      | 5661 ||| IDENTIFYING bubbling sapphire potion
  5662 | D:6      | 5662 ||| READING 2 scrolls of identify.
  5662 | D:6      | 5662 ||| IDENTIFYING white potion
  5663 | D:6      | 5663 ||| DROPPING potion of ambrosia.
  5664 | D:6      | 5664 ||| DROPPING potion of degeneration.
  5670 | Temple   | Entered the Ecumenical Temple
  5671 | Temple   | 5671 ||| PLANNING OKAWARU WORSHIP
  5709 | Temple   | Became a worshipper of Warmaster Okawaru
  5710 | Temple   | 5710 ||| PLANNING D:1-11
  5991 | D:7      | 5991 ||| Stepping ~*~*~tactically~*~*~ (hiding).
  5992 | D:7      | 5992 ||| Stepping ~*~*~tactically~*~*~ (hiding).
  5993 | D:7      | 5993 ||| Stepping ~*~*~tactically~*~*~ (hiding).
  6265 | D:7      | Reached skill level 6 in Fighting
  6389 | D:7      | 6389 ||| FLEEEEING.
  6390 | D:7      | 6390 ||| FLEEEEING.
  6391 | D:7      | 6391 ||| FLEEEEING.
  6393 | D:7      | 6393 ||| FLEEEEING.
  6538 | D:7      | 6538 ||| FLEEEEING.
  6539 | D:7      | 6539 ||| FLEEEEING.
  6541 | D:7      | 6541 ||| FLEEEEING.
  6542 | D:7      | 6542 ||| FLEEEEING.
  6543 | D:7      | 6543 ||| FLEEEEING.
  6544 | D:7      | 6544 ||| FLEEEEING.
  6545 | D:7      | 6545 ||| FLEEEEING.
  6546 | D:7      | 6546 ||| FLEEEEING.
  6547 | D:7      | 6547 ||| FLEEEEING.
  6548 | D:7      | 6548 ||| FLEEEEING.
  6549 | D:7      | 6549 ||| FLEEEEING.
  6550 | D:7      | 6550 ||| FLEEEEING.
  6551 | D:7      | 6551 ||| FLEEEEING.
  6552 | D:7      | 6552 ||| FLEEEEING.
  6553 | D:7      | 6553 ||| STAIRDANCE
  6743 | D:6      | 6743 ||| UPGRADING to +4 plate armour.
  6753 | D:6      | 6753 ||| DROPPING +0 chain mail.
  6754 | D:6      | 6754 ||| UPGRADING to +0 kite shield.
  6764 | D:6      | 6764 ||| DROPPING +0 buckler.
  6853 | D:7      | Found an ancient bone altar of Kikubaaqudgha.
  6899 | D:7      | Found a stormy altar of Qazlal.
  6901 | D:7      | 6901 ||| Stepping ~*~*~tactically~*~*~ (stealth).
  7014 | D:7      | 7014 ||| Stepping ~*~*~tactically~*~*~ (hiding).
  7026 | D:7      | 7026 ||| DRINKING 4 potions of curing.
  7026 | D:7      | 7026 ||| (to cure confusion)
  7046 | D:7      | Reached * piety under Okawaru
  7047 | D:7      | Reached XP level 9. HP: 22/55 MP: 9/9
  7589 | D:7      | Found a hazy altar of Hepliaklqana.
  7641 | D:7      | 7641 ||| UPGRADING to ring of see invisible.
  7642 | D:7      | 7642 ||| READING scroll labelled ARIHID FEPLO.
  7659 | D:8      | Noticed a +0 short sword
  7660 | D:8      | Noticed a +0 dagger
  7661 | D:8      | Noticed a +0 dagger
  7661 | D:8      | Noticed a +0 spear
  7661 | D:8      | Noticed a +0 short sword
  7661 | D:8      | Noticed a +0 falchion
  7662 | D:8      | Noticed a +0 spear
  7663 | D:8      | Noticed a +0 falchion
  7668 | D:8      | Found a hide-covered altar of Uskayaw.
  7669 | D:8      | Found Xolyorah's Antique Weapon Shop.
  7679 | D:8      | 7679 ||| SHOPLISTING glowing demon whip (522 gold, have
                  | 284).
  7679 | D:8      | 7679 ||| BUYING ivory hand axe (232 gold).
  7679 | D:8      | Bought an ivory hand axe for 232 gold pieces
  7679 | D:8      | Identified the +4 hand axe of the Ancients {pain, rF++
                  | Str-5} (You bought it in a shop on level 8 of the Dungeon)
  7679 | D:8      | 7679 ||| SHOPLISTING jewelled morningstar (261 gold, have
                  | 52).
  7679 | D:8      | 7679 ||| DROPPING +4 hand axe of the Ancients {pain, rF++
                  | Str-5}.
  7696 | D:8      | HP: 9/55 [steam dragon] (6)]
  7697 | D:8      | 7697 ||| READING scroll of teleportation.
  7697 | D:8      | HP: 1/55 [steam dragon/ball of steam (9)]
  7698 | D:8      | 7698 ||| DRINKING 3 potions of heal wounds.
  7909 | D:8      | Reached skill level 6 in Shields
  7973 | D:8      | 7973 ||| Stepping ~*~*~tactically~*~*~ (hiding).
  7974 | D:8      | 7974 ||| Stepping ~*~*~tactically~*~*~ (hiding).
  7977 | D:8      | 7977 ||| INVOKING Heroism.
  7978 | D:8      | 7978 ||| Stepping ~*~*~tactically~*~*~ (cloud).
  8050 | D:8      | 8050 ||| INVOKING Heroism.
  8053 | D:8      | 8053 ||| READING scroll labelled TUANTE VASOI.
  8054 | D:8      | 8054 ||| Stepping randomly (cloudy).
  8061 | D:8      | 8061 ||| INVOKING Heroism.
  8069 | D:8      | Reached skill level 1 in Invocations
  8238 | D:8      | 8238 ||| READING scroll of brand weapon.
  8238 | D:8      | 8238 ||| BRANDING +1 war axe of freezing.
  8244 | D:8      | 8244 ||| Stepping ~*~*~tactically~*~*~ (cloud).
  8245 | D:8      | 8245 ||| INVOKING Heroism.
  8317 | D:8      | 8317 ||| INVOKING Heroism.
  8464 | D:8      | 8464 ||| DROPPING +0 morningstar.
  8490 | D:8      | 8490 ||| Stepping ~*~*~tactically~*~*~ (hiding).
  8618 | D:8      | 8618 ||| DRINKING 2 fizzy grey potions.
  8619 | D:8      | 8619 ||| READING 3 scrolls of identify.
  8619 | D:8      | 8619 ||| IDENTIFYING fuming green potion
  8655 | D:9      | 8655 ||| Stepping ~*~*~tactically~*~*~ (hiding).
  8658 | D:9      | 8658 ||| INVOKING Heroism.
  8671 | D:9      | Reached skill level 3 in Invocations
  8752 | D:9      | 8752 ||| Stepping ~*~*~tactically~*~*~ (hiding).
  8753 | D:9      | 8753 ||| Stepping ~*~*~tactically~*~*~ (stealth).
  8755 | D:9      | 8755 ||| Stepping ~*~*~tactically~*~*~ (stealth).
  8756 | D:9      | 8756 ||| Stepping ~*~*~tactically~*~*~ (stealth).
  8759 | D:9      | 8759 ||| INVOKING Heroism.
  8775 | D:9      | 8775 ||| Stepping ~*~*~tactically~*~*~ (hiding).
  8776 | D:9      | 8776 ||| INVOKING Heroism.
  8779 | D:9      | Noticed a hornet
  8783 | D:9      | Killed a hornet
  8821 | D:9      | 8821 ||| INVOKING Heroism.
  8838 | D:9      | Reached ** piety under Okawaru
  8997 | D:9      | 8997 ||| INVOKING Heroism.
  9010 | D:9      | Reached XP level 10. HP: 39/60 MP: 11/13
  9162 | D:9      | 9162 ||| INVOKING Heroism.
  9171 | D:9      | 9171 ||| Stepping ~*~*~tactically~*~*~ (hiding).
  9179 | D:9      | Reached skill level 9 in Axes
  9314 | D:9      | 9314 ||| READING scroll of enchant armour.
  9314 | D:9      | 9314 ||| ENCHANTING +0 pair of gloves.
  9561 | D:9      | 9561 ||| INVOKING Heroism.
  9739 | D:9      | 9739 ||| Stepping ~*~*~tactically~*~*~ (stealth).
  9834 | D:10     | Entered Level 10 of the Dungeon
  9836 | D:10     | Noticed a two-headed ogre
  9837 | D:10     | 9837 ||| INVOKING Heroism.
  9844 | D:10     | Killed a two-headed ogre
  9957 | D:10     | Noticed Erolcha
  9958 | D:10     | 9958 ||| INVOKING Heroism.
  9960 | Abyss:2  | Cast into level 2 of the Abyss (Erolcha)
 10046 | Abyss:2  | 10046 ||| Stepping ~*~*~tactically~*~*~ (stealth).
 10070 | Abyss:2  | Noticed a large abomination
 10078 | Abyss:2  | 10078 ||| INVOKING Heroism.
 10081 | Abyss:2  | Killed a large abomination
 10082 | Abyss:2  | Reached skill level 9 in Shields
 10088 | Abyss:2  | 10088 ||| Stepping ~*~*~tactically~*~*~ (stealth).
 10090 | Abyss:2  | Noticed a thrashing horror
 10104 | Abyss:2  | 10104 ||| INVOKING Heroism.
 10124 | Abyss:2  | HP: 15/64 [thrashing horror (4)]
 10125 | Abyss:2  | 10125 ||| DRINKING 3 potions of heal wounds.
 10126 | Abyss:2  | 10126 ||| INVOKING Heroism.
 10131 | Abyss:2  | Killed a thrashing horror
 10131 | Abyss:2  | Reached *** piety under Okawaru
 10132 | Abyss:2  | Reached skill level 6 in Armour
 10137 | Abyss:2  | 10137 ||| Stepping ~*~*~tactically~*~*~ (stealth).
 10145 | Abyss:2  | Noticed an orc sorcerer
 10146 | Abyss:2  | Noticed a wretched star
 10149 | Abyss:2  | 10149 ||| INVOKING Heroism.
 10149 | Abyss:2  | HP: 12/64 [orc sorcerer/bolt of fire (28)]
 10151 | Abyss:2  | Noticed a rust devil
 10153 | Abyss:2  | Killed an orc sorcerer
 10159 | Abyss:2  | HP: 11/51 [rust devil (2)]
 10164 | Abyss:2  | HP: 8/51 [rust devil (4)]
 10165 | Abyss:2  | HP: 3/51 [rust devil (5)]
 10168 | Abyss:2  | Demolished by a titan zombie

Levels and vault maps discovered:
D:1:      lemuel_arrival_rhombus, layout_loops_cross,
          shapermc_ecumenical_altar_gd, serial_bayou_ford_a,
          chequers_serial_rivers_small_a, supply_closet_lemuel,
          minmay_misc_feat_x
D:2:      layout_basic
D:3:      layout_basic, chequers_temple_overflow_minitemple
D:4:      layout_loops_ring, mainiacjoe_overflow_surrounded_room,
          nicolae_wooded_promenade, minmay_rat_hole
D:5:      layout_cave_pods, nemelex_dance_club_becter
D:6:      layout_rooms, minmay_temple_entry_grid, minmay_ogre_servants
D:7:      layout_loops_ring, nzn_hepliaklqana_mist_gate,
          mainiacjoe_overflow_cross_hatched, amcnicky_altar_gilded
D:8:      layout_basic, nicolae_uskayaw_en_pointe, serial_shops,
          nicolae_shop_advertising_works [nicolae_subvault_shop_adworks]
D:9:      layout_basic
D:10:     layout_loops_ring, uniq_erolcha
Temple:   nicolae_temple_ecumenical_triangle
Abyss:2:  base: D:1, hangedman_abyss_theft

Skill      XL: |  1  2  3  4  5  6  7  8  9 10 |
---------------+-------------------------------+-----
Axes           | 2 3 4 5 6 7 8 9 |  9.4
Fighting       | 4 6 8 |  8.0
Dodging        | 1 |  1.4
Throwing       | 1 |  1.4
Armour         | 4 5 6 |  6.6
Shields        | 4 8 9 |  9.2
Invocations    | 4 |  4.2

Action                   |  1- 3 |  4- 6 |  7- 9 | 10-12 || total
-------------------------+-------+-------+-------+-------++-------
Melee: War axe           |    89 |   131 |   350 |    88 ||   658
Throw: Boomerang         |    13 |    45 |    33 |     4 ||    95
Invok: Heroism           |       |       |    10 |     8 ||    18
  Use: Scroll            |     5 |     9 |     8 |     1 ||    23
       Potion            |     1 |     1 |     5 |     1 ||     8
 Stab: Distracted        |       |       |     1 |       ||     1
Armor: Scale mail        |    43 |    39 |       |       ||    82
       Chain mail        |       |    29 |   114 |       ||   143
       Plate armour      |       |       |   115 |    64 ||   179
Dodge: Dodged            |    39 |    54 |    94 |    24 ||   211
Block: Buckler           |    19 |    15 |    25 |       ||    59
       Kite shield       |       |       |    62 |    39 ||   101

Table legend:
 A = Non-vault XP
 B = Vault XP
 C = Vault XP percentage of total XP
 D = Non-vault monster count
 E = Vault monster count
 F = Vault count percentage of total count
                 A         B        C        D         E       F
            +---------+---------+-------+---------+---------+-------
      Total |    8419 |     285 |   3.3 |     156 |      30 |  16.1
            +---------+---------+-------+---------+---------+-------
        D:1 |      50 |       0 |   0.0 |      27 |       0 |   0.0
        D:2 |      52 |       0 |   0.0 |      18 |       0 |   0.0
        D:3 |      88 |       0 |   0.0 |      16 |       0 |   0.0
        D:4 |     208 |      20 |   8.8 |      10 |      19 |  65.5
        D:5 |     252 |     123 |  32.8 |       6 |       2 |  25.0
        D:6 |     637 |     142 |  18.2 |      15 |       9 |  37.5
        D:7 |     835 |       0 |   0.0 |      18 |       0 |   0.0
        D:8 |    1057 |       0 |   0.0 |      10 |       0 |   0.0
        D:9 |    1888 |       0 |   0.0 |      28 |       0 |   0.0
       D:10 |     819 |       0 |   0.0 |       1 |       0 |   0.0
    Abyss:2 |    2533 |       0 |   0.0 |       7 |       0 |   0.0
            +---------+---------+-------+---------+---------+-------
